 Dungeon Crawl Stone Soup version 0.29.1-15-g9cfb28693d (webtiles) character file.

Game seed: 3715818545393049699

2140 monke the Grappler (level 9, -1/82 (84) HPs)
             Began as a Troll Berserker on Mar 24, 2023.
             Was an Elder of Trog.
             Killed from afar by Dowan (13 damage)
             ... with a stone arrow
             ... on level 7 of the Dungeon.
             The game lasted 00:08:24 (4484 turns).

monke the Grappler (Troll Berserker)                Turns: 4484, Time: 00:08:24

HP:   -1/82 (84)    AC:  8    Str: 31    XL:     9   Next: 9%
MP:   8/8           EV: 15    Int:  3    God:    Trog [****..]
Gold: 157           SH:  0    Dex:  9    Spells: 8/8 levels left

rFire   . . .      SeeInvis .     - Unarmed
rCold   . . .      Faith    +   (no shield)
rNeg    . . .      Spirit   .   a - +0 animal skin
rPois   .          Reflect  .   (helmet restricted)
rElec   .          Harm     .   (no cloak)
rCorr   .          Rampage  .   (gloves unavailable)
Will    .....                   (boots unavailable)
Stlth   ++........              k - amulet of faith
HPRegen 1.03/turn               e - +4 ring of protection
MPRegen 0.11/turn               b - +4 ring of evasion

@: lightly drained
A: large, unfitting armour, claws 3, regeneration 1, shaggy fur 1, tough skin 1
a: Renounce Religion, Berserk, Trog's Hand, Brothers in Arms


You were on level 7 of the Dungeon.
You worshipped Trog.
Trog was greatly pleased with you.
You visited 1 branch of the dungeon, and saw 7 of its levels.

You collected 217 gold pieces.
You spent 60 gold pieces at shops.

Inventory:

Missiles
 w - 7 boomerangs (quivered)
 z - a throwing net
Armour
 a - a +0 animal skin (worn)
Magical Staves
 d - a staff of cold
Jewellery
 b - a +4 ring of evasion (right claw)
 e - a +4 ring of protection (left claw)
 k - an amulet of faith (around neck)
 q - a ring of resist corrosion
 y - a ring of ice
Wands
 o - a wand of polymorph (8)
 B - a wand of roots (9)
Scrolls
 c - 2 scrolls of blinking {unknown}
 g - 4 scrolls of fog {unknown}
 h - 2 scrolls of identify {unknown}
 j - a scroll of summoning {unknown}
 m - 2 scrolls of teleportation {unknown}
 n - a scroll of fear {unknown}
 p - 2 scrolls of immolation {unknown}
 s - a scroll of enchant armour {unknown}
 t - 2 scrolls of acquirement {unknown}
 u - a scroll of noise {unknown}
 v - a scroll of torment {unknown}
 A - a scroll of amnesia {unknown}
Potions
 f - 5 potions of curing
 i - 5 potions of mutation {unknown}
 l - 2 potions of flight {unknown}
 r - a potion of lignification {unknown}
 x - 3 potions of magic {unknown}


   Skills:
 + Level 3.9 Fighting
 + Level 5.4 Dodging
 + Level 1.8 Stealth
 + Level 9.7 Unarmed Combat


You had 8 spell levels left.
You didn't know any spells.
Your spell library was empty.

Dungeon Overview and Level Annotations

Branches:
Dungeon (7/15)             Temple (0/1) D:7

Altars:
Elyvilon
Fedhas
Okawaru
Qazlal
The Shining One

Shops:
D:4 =:[!

Annotations:
D:7 Dowan


Innate Abilities, Weirdness & Mutations

You are too large for most types of armour.
You have claws for hands.
Your natural rate of healing is unusually fast.
You are covered in fur. (AC +1)
You have tough skin. (AC +1)


Message History

You feel drained. The wight closely misses you.
You are too injured to fight recklessly!
You scratch the wight but do no damage.
Dowan says, "Magic will overcome all!"
Dowan hits you with a +0 dagger.
You claw the wight!
The wight is severely damaged.
Dowan misses you. The wight closely misses you.
The wight hits you with a +4 hand axe of freezing.
The wight freezes you.
You mangle the wight!!
You destroy the wight!
Trog accepts your kill. Dowan hits you but does no damage.
The wight misses you.
Dowan says, "Magic will overcome all!"
Dowan hits you with a +0 dagger.
Found a shiny wooden wand.
Dowan gestures at you while chanting. The stone arrow hits you!
* * * LOW HITPOINT WARNING * * *
The wight hits you with a +6 long sword.
* * * LOW HITPOINT WARNING * * *
You feel drained.
Items here: )) [[ †.
Dowan gestures wildly while chanting.
Dowan blinks!
The wight barely misses you.
Items here: )) [[.
You claw the wight!
You destroy the wight!
Trog accepts your kill.
Things that are here:
a +6 long sword; a +0 robe Dowan points at you and mumbles some strange words.
The stone arrow hits you.
* * * LOW HITPOINT WARNING * * *
There is an open door here.
There is an open door here.
Dowan gestures at you while chanting. The stone arrow hits you!
You die...

..#.....# ##.......
.##.....#######.....#
.##...........#.....#
..+...........#))...#
.##...........#).?.(#
.####.........##'#### .#
#.........##e# .#
#.........##'## .#
#...........@.# .#
#.....))).....#
.####.#####)).....#
........# #.......#
.#####..# #.......# ...
#..###.......# ...
#..##.....)..###### ...
##..................
...##.........##........


You could see Dowan (fast).

Vanquished Creatures
  Maggie (D:7)
  A wraith (D:6)
  Duvessa (D:7)
  A water moccasin (D:6)
  2 ice beasts
  An ogre (D:6)
  A centaur (D:5)
  A kobold brigand (D:6)
  Blork the orc (D:5)
  2 scorpions (D:5)
  A bullfrog (D:7)
  4 wights (D:7)
  5 hounds
  2 jellies
  A gnoll bouda (D:5)
  2 orc priests (D:7)
  2 iguanas
  4 orc wizards
  5 gnolls (D:5)
  8 adders
  A shadow imp (D:6)
  An ufetubus (D:6)
  A worm (D:3)
  12 orcs
  5 ball pythons
  7 endoplasms
  2 giant cockroaches
  8 goblins
  3 hobgoblins
  4 jackals (D:3)
  13 kobolds
  4 quokkas
  4 bats
  2 frilled lizards
  3 rats
116 creatures vanquished.

Notes
Turn   | Place    | Note
-------+----------+-------------------------------------------
     0 | D:1      | monke the Troll Berserker began the quest for the Orb.
     0 | D:1      | Reached XP level 1. HP: 22/22 MP: 0/0
   218 | D:1      | Reached XP level 2. HP: 29/29 MP: 1/1
   685 | D:1      | Found a faded altar of an unknown god.
   892 | D:2      | Reached XP level 3. HP: 35/36 MP: 2/2
  1047 | D:2      | Reached ** piety under Trog
  1048 | D:2      | Reached skill level 4 in Unarmed Combat
  1742 | D:3      | Reached XP level 4. HP: 42/44 MP: 3/3
  2048 | D:3      | Found a blossoming altar of Fedhas.
  2244 | D:4      | Found Betubadas's Distillery.
  2245 | D:4      | Found Mudaod's Antique Armour Emporium.
  2256 | D:4      | Found Maig Cepu's Book Emporium.
  2257 | D:4      | Found Terraack's Jewellery Emporium.
  2260 | D:4      | Bought 2 potions of curing for 60 gold pieces
  2334 | D:4      | Reached XP level 5. HP: 50/50 MP: 4/4
  2363 | D:4      | Reached skill level 5 in Unarmed Combat
  2395 | D:4      | Reached *** piety under Trog
  2545 | D:4      | Reached XP level 6. HP: 59/59 MP: 5/5
  2738 | D:5      | Entered Level 5 of the Dungeon
  2753 | D:5      | Reached skill level 6 in Unarmed Combat
  2848 | D:5      | Noticed Blork the orc
  2857 | D:5      | Killed Blork the orc
  2858 | D:5      | Reached skill level 1 in Stealth
  2896 | D:5      | Reached XP level 7. HP: 66/66 MP: 6/6
  3112 | D:5      | Found a glowing golden altar of the Shining One.
  3200 | D:5      | Reached skill level 7 in Unarmed Combat
  3733 | D:6      | Reached **** piety under Trog
  3741 | D:6      | Noticed a wraith
  3747 | D:6      | Killed a wraith
  3799 | D:6      | Reached XP level 8. HP: 71/75 MP: 7/7
  3850 | D:6      | Reached skill level 8 in Unarmed Combat
  4229 | D:7      | Found a white marble altar of Elyvilon.
  4230 | D:7      | Noticed Maggie
  4240 | D:7      | Killed Maggie
  4241 | D:7      | Reached skill level 5 in Dodging
  4241 | D:7      | Reached skill level 9 in Unarmed Combat
  4258 | D:7      | Found a staircase to the Ecumenical Temple.
  4287 | D:7      | Found a stormy altar of Qazlal.
  4341 | D:7      | Found an iron altar of Okawaru.
  4459 | D:7      | Noticed Duvessa
  4459 | D:7      | Noticed Dowan
  4467 | D:7      | Killed Duvessa
  4469 | D:7      | Reached XP level 9. HP: 45/83 MP: 8/8
  4484 | D:7      | Killed from afar by Dowan

Illustrated notes

Levels and vault maps discovered:
D:1:      minmay_arrival_wavy_path, layout_loops_ring,
          ebering_ecumenical_altar_hall, nicolae_concentric_dashed_squares_wild
D:2:      layout_rooms, kennysheep_crisscross, minmay_goblin_outpost
D:3:      layout_loops_corners, mainiacjoe_overflow_alcove_2
D:4:      layout_cave_pools, minmay_shop_grid_forest
D:5:      layout_loops_corners, tso_altar, uniq_blork_the_orc
D:6:      layout_rooms
D:7:      layout_basic, okawaru_gym_becter, grunt_dithmenos_shadows,
          elyvilon_altar_5, mainiacjoe_overflow_concentric_impassable,
          temple_statues, uniq_maggie, uniq_duvessa

Skill      XL: |  1  2  3  4  5  6  7  8 |
---------------+-------------------------+-----
Unarmed Combat | 4 5 6 7 9 |  9.7
Dodging        | 3 4 5 |  5.4
Stealth        | 1 |  1.8
Fighting       | 3 |  3.9

Action                   |  1- 3 |  4- 6 |  7- 9 || total
-------------------------+-------+-------+-------++-------
Melee: Unarmed           |   108 |   101 |   147 ||   356
       Punch             |     2 |     3 |     4 ||     9
 Stab: Sleeping          |       |     2 |       ||     2
Armor: Animal skin       |    50 |    31 |    61 ||   142
Dodge: Dodged            |    81 |    49 |   144 ||   274
